 Dungeon Crawl Stone Soup version 0.23.2-40-g277498a001 (webtiles) character file.

Game seed: 14373556246178242363

201626 Amplified the Slayer (level 19, 0/231 HPs)
             Began as an Ogre Berserker on Sept 24, 2019.
             Was a High Priest of Trog.
             Slain by a demonic crawler (10 damage)
             ... on level 2 of the Spider Nest on Sept 25, 2019.
             The game lasted 01:17:21 (40934 turns).

Amplified the Slayer (Ogre Berserker)              Turns: 40934, Time: 01:17:22

Health: 0/231      AC: 14    Str: 32    XL:     19   Next: 0%
Magic:  19/19      EV: 14    Int: 14    God:    Trog [*****.]
Gold:   2861       SH:  0    Dex: 12    Spells: 18/18 levels left

rFire    + . .     SeeInvis .   f - +9 staff of Olgreb {rPois}
rCold    + . .     Gourm    .   (no shield)
rNeg     . . .     Faith    +   W - +0 acid dragon scales
rPois    ∞         Spirit   .   X - +2 hat
rElec    +         Reflect  .   p - +2 cloak
rCorr    +         Harm     .   (gloves unavailable)
MR       +....                  (boots unavailable)
Stlth    +.........             l - amulet of faith (curse)
HPRegen  0.48/turn              s - ring of the Failed Coup {Ice rElec}
MPRegen  0.16/turn              z - ring "Gykkullea" {Fire Str+6 Dex+4}

@: berserk cooldown, very slightly contaminated, slowed, studying Armour, very
slow
A: large, unfitting armour, cold resistance 1, fire resistance 1, tough skin 1
a: Berserk, Trog's Hand, Brothers in Arms, Renounce Religion


You were on level 2 of the Spider Nest.
You worshipped Trog.
Trog was extremely pleased with you.
You were not hungry.

You visited 7 branches of the dungeon, and saw 33 of its levels.
You also visited: Ossuary, Bailey, Gauntlet, Ice Cave and Volcano.

You collected 4281 gold pieces.
You spent 1420 gold pieces at shops.

Inventory:

Hand Weapons
 f - the +9 staff of Olgreb (weapon) {rPois}
   (You took it off a gnoll sergeant in a bailey)

   It protects you from poison.
 L - a +2 great mace of crushing
 N - the +6 longbow of Debt {freeze, rF+ Str-4 Int+2 Dex+5}
   (Trog gifted it to you on level 2 of the Orcish Mines)

   It causes projectiles fired from it to freeze those they strike, causing
   extra injury to most foes and up to half again as much damage against
   particularly susceptible opponents.
   They can also slow down cold-blooded creatures.
   It affects your strength (-4).
   It affects your intelligence (+2).
   It affects your dexterity (+5).
   It protects you from fire.
 O - a +5 giant spiked club of protection
Missiles
 v - 10 throwing nets
 y - 25 large rocks (quivered)
 M - 22 javelins
Armour
 i - a scarf of repulsion
 p - a +2 cloak (worn)
 A - +4 steam dragon scales
 W - +0 acid dragon scales (worn)
 X - a +2 hat (worn)
Jewellery
 h - an uncursed amulet of regeneration
 l - a cursed amulet of faith (around neck)
 s - the ring of the Failed Coup (left hand) {Ice rElec}
   (You found it in a Gauntlet)

   [ring of ice]

   It enhances your ice magic.
   It makes you vulnerable to fire.
   It protects you from cold.
   It insulates you from electricity.
 z - the ring "Gykkullea" (right hand) {Fire Str+6 Dex+4}
   (You took it off a deep elf archer on level 3 of the Elven Halls)

   [ring of fire]

   It enhances your fire magic.
   It affects your strength (+6).
   It affects your dexterity (+4).
   It protects you from fire.
   It makes you vulnerable to cold.
 B - the ring of Tomyky Kih {Str+4 Stlth+}
   (You found it in an ice cave)

   [ring of stealth]

   It affects your strength (+4).
   It makes you more stealthy.
 D - an uncursed ring of protection from fire
 F - an uncursed ring of positive energy
 S - an uncursed ring of protection from cold
 T - an uncursed ring of protection from fire
Wands
 g - a wand of iceblast (29)
 j - a wand of flame (66)
 r - a wand of polymorph (13)
 w - a wand of paralysis (31)
 x - a wand of disintegration (26)
 G - a wand of acid (13)
 Q - a wand of scattershot (4)
 R - a wand of random effects (35)
 U - a wand of enslavement (23)
Scrolls
 a - 2 scrolls of blinking
 E - 11 scrolls of remove curse
 H - 2 scrolls of silence
 I - 18 scrolls of identify
 J - 5 scrolls of fog
 V - a scroll of holy word
 Y - 2 scrolls of fear
Potions
 b - 7 potions of brilliance
 e - 2 potions of cancellation
 k - a potion of ambrosia
 m - 5 potions of mutation
 q - 2 potions of flight
 t - 2 potions of lignification
 u - a potion of magic
 C - 4 potions of berserk rage
Books
 Z - a manual of Armour
Miscellaneous
 d - a lightning rod (4/4)
 P - a phantom mirror
Comestibles
 c - 19 rations
 n - a chunk of flesh


   Skills:
 * Level 23.3 Fighting
 - Level 22.0 Maces & Flails
 * Level 7.7 Armour
 - Level 8.6 Dodging


You had 18 spell levels left.
You didn't know any spells.
Your spell library contained the following spells:

 Spells                   Type           Power        Failure   Level  Hunger
 Animate Skeleton         Necr           N/A          32%         1    ##.....
 Apportation              Tloc           #.....       32%         1    ##.....
 Confusing Touch          Hex            #.....       32%         1    ##.....
 Freeze                   Ice            #...         32%         1    ##.....
 Magic Dart               Conj           #...         32%         1    ##.....
 Pain                     Necr           #...         32%         1    ##.....
 Sandblast                Erth           #.....       32%         1    ##.....
 Sting                    Conj/Pois      #...         32%         1    ##.....
 Summon Butterflies       Summ           #.......     32%         1    ##.....
 Summon Small Mammal      Summ           #...         32%         1    ##.....
 Blink                    Tloc           N/A          45%         2    ###....
 Call Imp                 Summ           #.......     45%         2    ###....
 Corpse Rot               Necr           N/A          45%         2    ###....
 Passwall                 Tmut/Erth      #.......     45%         2    ###....
 Poisonous Vapours        Pois/Air       #.....       45%         2    ###....
 Slow                     Hex            #.......     45%         2    ###....
 Swiftness                Chrm/Air       #.......     45%         2    ###....
 Throw Frost              Conj/Ice       #.....       45%         2    ###....
 Call Canine Familiar     Summ           #.......     69%         3    ####...
 Confuse                  Hex            #.......     69%         3    ####...
 Conjure Flame            Conj/Fire      #.......     69%         3    ####...
 Gell's Gravitas          Tloc           #.........   69%         3    ####...
 Lesser Beckoning         Tloc           #.........   69%         3    ####...
 Mephitic Cloud           Conj/Pois/Air  #.......     69%         3    ####...
 Ozocubu's Armour         Chrm/Ice       #.......     69%         3    ####...
 Regeneration             Chrm/Necr      #.........   69%         3    ####...
 Stone Arrow              Conj/Erth      #.....       69%         3    ####...
 Summon Guardian Golem    Hex/Summ       #.......     69%         3    ####...
 Tukima's Dance           Hex            #.......     69%         3    ####...
 Vampiric Draining        Necr           #.........   69%         3    ####...
 Animate Dead             Necr           N/A          97%         4    #####..
 Leda's Liquefaction      Hex/Erth       #.........   97%         4    #####..
 Olgreb's Toxic Radiance  Pois           #.......     97%         4    #####..
 Passage of Golubria      Tloc           N/A          97%         4    #####..
 Petrify                  Tmut/Erth      #.......     97%         4    #####..
 Summon Ice Beast         Ice/Summ       #.......     97%         4    #####..
 Summon Lightning Spire   Summ/Air       #.......     97%         4    #####..
 Throw Icicle             Conj/Ice       #.......     97%         4    #####..
 Alistair's Intoxication  Tmut/Pois      #.......     100%        5    ######.
 Bolt of Magma            Conj/Fire/Erth #.........   100%        5    ######.
 Iskenderun's Battlesphe  Conj/Chrm      #.......     100%        5    ######.
 Lee's Rapid Deconstruct  Erth           #.........   100%        5    ######.
 Metabolic Englaciation   Hex/Ice        #.........   100%        5    ######.
 Summon Demon             Summ           #.........   100%        5    ######.
 Summon Forest            Summ/Tloc      #.........   100%        5    ######.
 Venom Bolt               Conj/Pois      #.........   100%        5    ######.
 Yara's Violent Unravell  Hex/Tmut       #.........   100%        5    ######.
 Darkness                 Hex            #.........   100%        6    #######
 Hydra Form               Tmut           #.........   100%        6    #######
 Invisibility             Hex            #.......     100%        6    #######
 Iron Shot                Conj/Erth      #.........   100%        6    #######
 Malign Gateway           Summ/Tloc      #.........   100%        7    #######
 Orb of Destruction       Conj           #.........   100%        7    #######
 Spellforged Servitor     Conj/Summ      #.........   100%        7    #######
 Summon Hydra             Summ           #.........   100%        7    #######


Dungeon Overview and Level Annotations

Branches:
Dungeon (15/15)            Temple (0/1) D:7            Lair (6/6) D:10
 Shoals (3/4) Lair:2       Spider (2/4) Lair:4        Slime (0/5) Lair:5
    Orc (2/2) D:10            Elf (3/3) Orc:2        Vaults (0/5) D:13
 Depths (2/5) D:15

Altars:
Cheibriados
Elyvilon
Nemelex Xobeh
Qazlal
Ru
Sif Muna
Vehumet
Zin
The Shining One

Shops:
D:11 [   Orc:2 ?(?}   Elf:3 }

Portals:
Pandemonium: Orc:2
Ziggurat: Depths:2

Annotations:
D:15 Need more poison
Lair:4 exclusion: oklob plant
Lair:6 Super careful poisonrun
Shoals:1 AAAAA
Shoals:2 Polyphemus
Elf:2 3 runed translucent doors


Innate Abilities, Weirdness & Mutations

You are too large for most types of armour.
You have tough skin. (AC +1)
Your flesh is cold resistant. (rC+)
Your flesh is heat resistant. (rF+)


Message History

* * * LOW HITPOINT WARNING * * *
The demonic crawler hits you but does no damage.
The demonic crawler barely misses you.
Unknown command.
You hit the demonic crawler but do no damage.
The demonic crawler is heavily wounded.
The demonic crawler hits you.
* * * LOW HITPOINT WARNING * * *
The demonic crawler hits you.
* * * LOW HITPOINT WARNING * * *
The demonic crawler hits you but does no damage.
The demonic crawler barely misses you. The demonic crawler misses you.
The demonic crawler hits you!
* * * LOW HITPOINT WARNING * * *
You hit the demonic crawler.
The demonic crawler looks as sick as possible!
The demonic crawler is heavily wounded.
The demonic crawler hits you but does no damage. x2
The demonic crawler hits you!
You die...

### ##.## #.=.# # .
###...## .. ..
##@.....#... ...
#.s......#.. ....
##........... .....##
#.†..........#
s......###...<......##
.....s.......###...##
.............^# .###
#............## ..
#.......##...# ^#


You could see a demonic crawler.

Vanquished Creatures
  Saint Roka (Orc:2)
  Nikola (Shoals:1)
  An Ice Fiend (IceCv)
  3 deep elf blademasters (Elf:3)
  Frances (Shoals:1)
  A kraken (Shoals:1)
  Kirke (Shoals:1)
  9 deep elf sorcerers
  The ghost of kalagan the Earth Mage, a journeyman GrEE of Sif Muna (Elf:2)
  The ghost of Feala the Stormcaller, a journeyman TeMo of Wu Jian (Elf:2)
  An entropy weaver (Lair:4)
  3 deep elf demonologists
  A very ugly thing (D:13)
  The ghost of Gioniom the Fighter, a journeyman FoEE of Vehumet (Lair:2)
  4 deep elf annihilators (Elf:3)
  A minotaur (Gauntlet)
  Azrael (Orc:2)
  2 deep elf death magi (Elf:3)
  5 deep elf high priests (Elf:3)
  An ettin (D:15)
  2 ogre magi (D:15)
  A merfolk impaler (Shoals:2)
  4 vault guards
  Erolcha (Orc:1)
  6 hydras
  2 merfolk avatars (Shoals:1)
  A catoblepas (Lair:6)
  7 centaur warriors
  2 death knights
  9 two-headed ogres
  A tengu warrior (D:13)
  11 dancing weapons
  A hell knight (Volcano)
  Sonja (D:11)
  16 deep elf knights
  7 orc high priests (Orc:2)
  Nergalle (D:10)
  A sun demon (Orc:2)
  A skeletal warrior (D:12)
  An infernal demonspawn (Orc:2)
  A deep troll (D:15)
  4 sea snakes
  A swamp dragon (Lair:6)
  A gelid demonspawn (Orc:2)
  4 unseen horrors
  An obsidian statue (Volcano)
  8 deep elf archers
  5 harpies
  2 phantasmal warriors (D:15)
  Pikel (D:6)
  5 ugly things
  5 orc knights
  7 fauns
  4 orc sorcerers (Orc:2)
  2 wolf spider zombies
  5 wolf spiders
  2 manticores
  41 deep elf magi
  The ghost of Noitatumon the Thaumaturge, a novice SpWz of Sif Muna (D:8)
  8 cyclopes
  5 centaur zombies
  Maurice (Orc:1)
  5 merfolk sirens
  5 black mambas
  A smoke demon (Gauntlet)
  3 gargoyles
  2 water nymphs
  7 spiny frogs
  4 freezing wraiths
  An ice statue (IceCv)
  A kobold demonologist (D:14)
  3 rime drakes (Lair:6)
  14 komodo dragons
  2 anaconda simulacra (IceCv)
  A yaktaur (Volcano)
  4 ice devils (IceCv)
  2 hellwings (Orc:2)
  10 merfolk
  11 trolls
  2 wolf spider simulacra (IceCv)
  A red devil (Orc:2)
  4 hornets
  6 meliai (D:15)
  6 polar bears
  A queen bee (shapeshifter) (Elf:1)
  3 jumping spiders (Spider:1)
  12 hippogriffs
  3 wind drakes
  A slime creature (D:13)
  2 snapping turtles
  10 dream sheep
  4 shadows
  7 tarantellas
  13 redbacks
  5 water elementals
  3 spriggans (Lair:2)
  3 centaur simulacra
  A wraith (D:10)
  21 yaks
  4 air elementals
  A dire elephant simulacrum (IceCv)
  2 wyverns
  2 vampires
  4 fire bats (Volcano)
  2 basilisks
  5 fire elementals
  4 hogs (Shoals:1)
  3 chaos spawn (Gauntlet)
  A neqoxec (Gauntlet)
  A steam dragon (Lair:6)
  2 hungry ghosts
  7 harpy simulacra
  2 death yak simulacra (IceCv)
  2 wargs
  5 vampire mosquitoes
  2 hell hounds (Orc:2)
  3 acid dragons
  2 iron troll simulacra (IceCv)
  2 hydra simulacra (IceCv)
  2 soldier ants
  3 swamp drakes
  6 porcupines
  4 water moccasins
  4 sky beasts
  2 necrophages
  30 orc warriors
  4 eyes of draining
  4 ice beasts
  5 black bears
  4 phantoms
  6 wolves (Lair:6)
  22 centaurs
  2 ettin simulacra (IceCv)
  13 ogres
  13 crocodiles
  5 big kobolds
  18 bullfrogs
  8 gnoll sergeants (Bailey)
  3 earth elementals
  A wyvern skeleton (D:15)
  2 troll zombies (D:10)
  4 scorpions
  A swamp dragon simulacrum (IceCv)
  2 killer bees (Spider:2)
  4 howler monkeys
  5 wights (D:6)
  2 electric eels
  A lava snake (Volcano)
  19 crimson imps
  A wyvern simulacrum (D:13)
  10 jellies
  A quasit (D:5)
  4 bullfrog zombies
  A bullfrog skeleton (D:10)
  3 draconian simulacra (IceCv)
  9 hounds
  22 orc wizards
  7 centaur skeletons
  24 orc priests
  An iron imp (Orc:2)
  6 gnoll shamans (Bailey)
  7 iguanas
  5 worker ants
  2 polar bear simulacra (IceCv)
  A troll simulacrum (IceCv)
  3 spriggan simulacra (IceCv)
  6 ogre zombies (D:10)
  A hound zombie (D:7)
  8 mummies (Ossuary)
  A worker ant zombie (D:5)
  Robin (D:2)
  2 howler monkey zombies
  12 adders
  22 gnolls
  2 ogre simulacra (IceCv)
  5 naga simulacra (IceCv)
  3 shadow imps
  3 white imps
  10 ufetubi (IceCv)
  An ooze (D:1)
  An adder skeleton (D:9)
  3 worms
  7 leopard geckos
  91 orcs
  2 giant cockroaches
  2 gnoll zombies (Ossuary)
  19 goblins
  13 hobgoblins
  11 jackals
  2 quokkas (D:6)
  2 ball pythons
  8 bats
  2 frilled lizards (D:1)
  A goblin zombie (D:10)
  4 hobgoblin skeletons (D:10)
  3 hobgoblin zombies
  A jackal skeleton (D:5)
  40 kobolds
  3 kobold zombies (Ossuary)
  A leopard gecko skeleton (D:6)
  An orc skeleton (D:10)
  19 orc zombies
  A quokka skeleton (D:4)
  7 rats
  A fungus (Elf:2)
  A plant (Shoals:1)
  5 tentacles (Shoals:1)
1104 creatures vanquished.

Vanquished Creatures (collateral kills)
  Jorgrun (Orc:1)
  2 deep elf sorcerers (Elf:3)
  A fire dragon (Lair:6)
  A centaur warrior (Volcano)
  An orc high priest (Elf:2)
  A deep elf archer (Elf:3)
  4 deep elf magi
  A merfolk siren (Shoals:1)
  A hippogriff (Shoals:1)
  A yak (shapeshifter) (Elf:2)
  An orc warrior (Elf:2)
  2 crocodiles (Lair:6)
  An orc wizard (Elf:2)
  An orc (Elf:2)
19 creatures vanquished.

Vanquished Creatures (others)
  A deep elf death mage (Elf:3)
  A water elemental (Elf:3)
  2 humans (Shoals:1)
  2 slaves (D:6)
  A hound (D:6)
  An orc wizard (D:7)
  A worker ant (D:6)
  3 white imps (IceCv)
  2 orcs
  A giant cockroach zombie (D:6)
  5 fungi (Lair:6)
  16 plants
  17 tentacles
53 creatures vanquished.

Grand Total: 1176 creatures vanquished

Notes
Turn   | Place    | Note
-------+----------+-------------------------------------------
     0 | D:1      | Amplified the Ogre Berserker began the quest for the Orb.
     0 | D:1      | Reached XP level 1. HP: 24/24 MP: 1/1
   198 | D:1      | Reached XP level 2. HP: 31/32 MP: 2/2
   533 | D:1      | Reached XP level 3. HP: 35/40 MP: 3/3
   706 | D:2      | Found a white marble altar of Elyvilon.
   994 | D:2      | Reached XP level 4. HP: 38/49 MP: 4/4
   995 | D:2      | Reached ** piety under Trog
  1026 | D:2      | Reached skill level 1 in Armour
  1055 | D:2      | Reached skill level 5 in Fighting
  1413 | D:2      | Noticed Robin
  1435 | D:2      | Killed Robin
  2327 | D:3      | Reached XP level 5. HP: 57/57 MP: 5/5
  2518 | D:3      | Reached XP level 6. HP: 57/67 MP: 6/6
  2588 | D:3      | Found a sacrificial altar of Ru.
  3050 | D:3      | Found a radiant altar of Vehumet.
  3210 | D:4      | Noticed an ice beast
  3216 | D:4      | Killed an ice beast
  3216 | D:4      | Reached skill level 6 in Fighting
  3299 | D:4      | Gained mutation: You are occasionally teleported next to
                  | monsters. [potion of mutation]
  3299 | D:4      | Gained mutation: You are weak. (Str -2) [potion of
                  | mutation]
  3299 | D:4      | Gained mutation: Your flesh is heat resistant. (rF+)
                  | [potion of mutation]
  3363 | D:4      | Reached *** piety under Trog
  3363 | D:4      | Reached XP level 7. HP: 26/76 MP: 7/7
  3524 | D:4      | Lost mutation: You are weak. (Str -2) [potion of mutation]
  3524 | D:4      | Lost mutation: You are occasionally teleported next to
                  | monsters. [potion of mutation]
  3524 | D:4      | Lost mutation: Your flesh is heat resistant. (rF+) [potion
                  | of mutation]
  3524 | D:4      | Gained mutation: Your flesh is cold resistant. (rC+)
                  | [potion of mutation]
  3524 | D:4      | Gained mutation: Your flesh is heat resistant. (rF+)
                  | [potion of mutation]
  4083 | D:4      | Reached skill level 7 in Fighting
  4191 | D:5      | Entered Level 5 of the Dungeon
  4202 | D:5      | Reached skill level 5 in Maces & Flails
  5077 | D:6      | Found a sand-covered staircase.
  5089 | Ossuary  | Entered an ossuary
  5128 | Ossuary  | Reached XP level 8. HP: 68/87 MP: 8/8
  5346 | D:6      | Reached skill level 8 in Fighting
  5392 | D:6      | Noticed Pikel
  5413 | D:6      | Killed Pikel
  5413 | D:6      | Reached skill level 9 in Fighting
  5425 | D:6      | Noticed a cyclops
  5461 | D:6      | Killed a cyclops
  5461 | D:6      | Reached skill level 5 in Dodging
  5461 | D:6      | Reached XP level 9. HP: 73/100 MP: 9/9
  6116 | D:7      | Reached **** piety under Trog
  6116 | D:7      | Reached skill level 10 in Fighting
  6130 | D:7      | Found a staircase to the Ecumenical Temple.
  6681 | D:7      | Found a snail-covered altar of Cheibriados.
  6957 | D:7      | Found a glowing silver altar of Zin.
  7065 | D:8      | Found a deep blue altar of Sif Muna.
  7407 | D:8      | Found a runed translucent door.
  7409 | D:8      | Noticed Noitatumon's ghost (novice SpWz)
  7444 | D:8      | Noticed a hornet
  7447 | D:8      | Paralysed by a hornet for 3 turns
  7456 | D:8      | Killed a hornet
  7498 | D:8      | Found a glowing golden altar of the Shining One.
  7640 | D:8      | Reached skill level 11 in Fighting
  7640 | D:8      | Reached XP level 10. HP: 58/113 MP: 10/10
  7905 | D:8      | Found a sparkling altar of Nemelex Xobeh.
  8729 | D:10     | Entered Level 10 of the Dungeon
  8729 | D:10     | Found a staircase to the Lair.
  8748 | D:10     | Reached ***** piety under Trog
  8816 | D:10     | Reached skill level 5 in Armour
  8822 | D:10     | Reached skill level 12 in Fighting
  8864 | D:10     | Found a flagged portal.
  8890 | D:10     | HP: 4/114 [gnoll/+0 spear (6)]
  9090 | Bailey   | Entered a bailey
  9616 | D:10     | Noticed Nergalle
  9633 | D:10     | Killed Nergalle
  9633 | D:10     | Reached XP level 11. HP: 117/124 MP: 11/11
  9706 | D:10     | Killed an unseen horror
  9764 | D:10     | Received a gift from Trog
  9815 | D:10     | Reached skill level 13 in Fighting
  9895 | D:10     | Found a staircase to the Orcish Mines.
 10036 | D:11     | Noticed a cyan ugly thing
 10194 | D:11     | Killed a cyan ugly thing
 10220 | D:11     | Found Celoisch's Armour Emporium.
 10231 | D:11     | Noticed Sonja
 10231 | D:11     | Noticed a cyclops
 10251 | D:11     | Killed a cyclops
 10253 | D:11     | Killed Sonja
 10253 | D:11     | Reached skill level 10 in Maces & Flails
 10289 | D:11     | Found a gate leading to a gauntlet.
 10318 | Gauntlet | Entered a Gauntlet
 10318 | Gauntlet | Found a transporter.
 10481 | Gauntlet | Found a transporter.
 10483 | Gauntlet | Found a transporter.
 10494 | Gauntlet | Found a transporter.
 10502 | Gauntlet | Found a transporter.
 10502 | Gauntlet | Noticed a moth of wrath
 10510 | Gauntlet | Found a transporter.
 10520 | Gauntlet | Found a runed translucent gate.
 10521 | Gauntlet | Found a transporter.
 10521 | Gauntlet | Found a runed translucent gate.
 10522 | Gauntlet | Found a runed translucent gate.
 10531 | Gauntlet | Found a transporter.
 10531 | Gauntlet | Noticed a green death
 10541 | Gauntlet | Found a transporter.
 10555 | Gauntlet | Found a transporter.
 10555 | Gauntlet | Found a transporter.
 10569 | Gauntlet | Found a transporter.
 10572 | Gauntlet | Found a runed translucent door.
 10589 | Gauntlet | Found a transporter.
 10590 | Gauntlet | Found a transporter.
 10765 | Gauntlet | Identified a scroll of acquirement
 10808 | Gauntlet | Got a faintly glowing copper ring
 10817 | Gauntlet | Identified the ring of the Failed Coup {Ice rElec} (You
                  | found it in a Gauntlet)
 10819 | Gauntlet | Reached skill level 16 in Fighting
 10819 | Gauntlet | Reached XP level 12. HP: 146/146 MP: 12/12
 10866 | Gauntlet | Noticed a minotaur
 10880 | Gauntlet | Killed a minotaur
 10923 | D:11     | Noticed a death knight
 10939 | D:11     | You fall through a shaft for 2 floors!
 10939 | D:13     | Noticed a tengu warrior
 10939 | D:13     | Noticed a centaur warrior
 10941 | D:13     | Noticed a green very ugly thing
 10942 | D:13     | Noticed a centaur warrior
 10942 | D:13     | Noticed a two-headed ogre
 10946 | D:13     | Noticed a two-headed ogre
 10946 | D:13     | Noticed a two-headed ogre
 10948 | D:13     | Noticed a vault guard
 11033 | D:12     | Reached XP level 13. HP: 134/154 MP: 13/13
 11160 | D:11     | Reached skill level 17 in Fighting
 11304 | D:11     | Found a stormy altar of Qazlal.
 12046 | Lair:1   | Entered Level 1 of the Lair of Beasts
 13246 | Lair:2   | Found a runed translucent door.
 13248 | Lair:2   | Noticed Gioniom's ghost (journeyman FoEE)
 13250 | Lair:2   | Identified the +7 trident "Ostrem" {freeze, rPois}
 13399 | Lair:3   | Found a dark tunnel.
 13686 | Volcano  | Entered a volcano
 13813 | Volcano  | Found a bloodstained altar of Trog.
 14774 | Lair:3   | Reached skill level 18 in Fighting
 15049 | Lair:3   | You fall through a shaft!
 15291 | Lair:4   | Found a hole to the Spider Nest.
 16629 | Lair:5   | Found a staircase to the Slime Pits.
 17329 | Lair:6   | Entered Level 6 of the Lair of Beasts
 17416 | Lair:6   | Reached XP level 14. HP: 149/169 MP: 14/14
 18453 | Lair:6   | Reached skill level 15 in Maces & Flails
 19899 | Orc:1    | Entered Level 1 of the Orcish Mines
 20269 | Orc:2    | Entered Level 2 of the Orcish Mines
 20269 | Orc:2    | Noticed Jorgrun
 20269 | Orc:2    | Noticed Azrael
 20297 | Orc:1    | Killed Jorgrun
 20927 | Orc:2    | Noticed Erolcha
 21085 | Orc:1    | Killed Erolcha
 21163 | Orc:2    | Received a gift from Trog
 21225 | Orc:2    | Noticed Saint Roka
 22840 | D:12     | Reached XP level 15. HP: 156/176 MP: 15/15
 23306 | D:13     | Got a steaming robe
 23307 | D:13     | Identified the +0 robe of Dumnuh {SInv} (You found it on
                  | level 13 of the Dungeon)
 23425 | D:13     | Received a gift from Trog
 24425 | D:15     | Entered Level 15 of the Dungeon
 24838 | D:15     | Received a gift from Trog
 24842 | D:15     | Got a jewelled triple crossbow {god gift}
 24843 | D:15     | Identified the +3 triple crossbow of Trog's Brutal Revenge
                  | {flame, rPois} (Trog gifted it to you on level 15 of the
                  | Dungeon)
 25084 | D:15     | Found a staircase to the Depths.
 25723 | D:15     | Reached XP level 16. HP: 185/185 MP: 16/16
 26325 | D:13     | Found a gate to the Vaults.
 26681 | Orc:2    | Received a gift from Trog
 26978 | Orc:2    | Killed Saint Roka
 27071 | Orc:2    | Found a staircase to the Elven Halls.
 27204 | Orc:1    | Noticed Maurice
 27211 | Orc:1    | Killed Maurice
 27413 | Orc:2    | Found Memih's Magic Scroll Boutique.
 27592 | Orc:2    | Found Dohisu's Magic Scroll Shop.
 27621 | Orc:2    | Killed Azrael
 27676 | Orc:2    | Bought a scroll of fog for 28 gold pieces
 27676 | Orc:2    | Bought a scroll of blinking for 105 gold pieces
 27676 | Orc:2    | Bought a scroll of enchant weapon for 105 gold pieces
 27676 | Orc:2    | Bought a scroll of enchant weapon for 105 gold pieces
 27678 | Orc:2    | Bought a scroll of enchant weapon for 127 gold pieces
 27678 | Orc:2    | Bought a scroll of brand weapon for 340 gold pieces
 27678 | Orc:2    | Bought a scroll of magic mapping for 59 gold pieces
 27678 | Orc:2    | Bought a scroll of torment for 127 gold pieces
 27678 | Orc:2    | Bought a scroll of magic mapping for 59 gold pieces
 27678 | Orc:2    | Bought a scroll of fear for 59 gold pieces
 27882 | Orc:2    | Received a gift from Trog
 27897 | Orc:2    | Got an ancient longbow {god gift}
 27898 | Orc:2    | Identified the +6 longbow of Debt {freeze, rF+ Str-4 Int+2
                  | Dex+5} (Trog gifted it to you on level 2 of the Orcish
                  | Mines)
 28353 | Orc:2    | Found Qofilat's Antique Weapon Emporium.
 28353 | Orc:2    | Found Faongod's Gadget Shoppe.
 28353 | Orc:2    | Found a one-way gate leading to the halls of Pandemonium.
 28357 | Orc:2    | Bought an ichor-stained morningstar for 306 gold pieces
 28484 | Orc:2    | Identified the cursed +0 morningstar of Topeu {freeze, rC+
                  | Str+3 Dex+2} (You bought it in a shop on level 2 of the
                  | Orcish Mines)
 28516 | Elf:1    | Entered Level 1 of the Elven Halls
 28700 | Lair:2   | Killed Gioniom's ghost
 28786 | Lair:2   | Found a staircase to the Shoals.
 30388 | Elf:2    | Noticed kalagan's ghost (journeyman GrEE)
 30388 | Elf:2    | Noticed Feala's ghost (journeyman TeMo)
 30389 | Elf:2    | Found a runed translucent gate.
 30389 | Elf:2    | Found a runed translucent gate.
 30389 | Elf:2    | Found a runed translucent gate.
 30409 | Elf:2    | Reached XP level 17. HP: 107/195 MP: 17/17
 30484 | Elf:2    | Found a frozen archway.
 30504 | IceCv    | Entered an ice cave
 30943 | IceCv    | Received a gift from Trog
 30978 | IceCv    | Got a clouded granite ring
 30985 | IceCv    | Identified the ring of Tomyky Kih {Str+4 Stlth+} (You found
                  | it in an ice cave)
 31230 | IceCv    | Noticed an Ice Fiend
 31235 | IceCv    | Reached ****** piety under Trog
 31264 | IceCv    | Killed an Ice Fiend
 32017 | Elf:2    | Received a gift from Trog
 32074 | Elf:2    | Found a runed translucent gate.
 32074 | Elf:2    | Found a runed translucent gate.
 32074 | Elf:2    | Found a runed translucent gate.
 32458 | Elf:1    | Noticed a Tzitzimitl
 32543 | Elf:1    | Identified Goegyiri's Papyrus of Summoning
 33148 | Elf:3    | Entered Level 3 of the Elven Halls
 33438 | Elf:3    | Found Wiow's Gadget Emporium.
 34137 | Elf:3    | Reached skill level 19 in Fighting
 34463 | Depths:1 | Entered Level 1 of the Depths
 34471 | Depths:2 | Found a gateway to a ziggurat.
 34670 | Shoals:1 | Entered Level 1 of the Shoals
 34722 | Shoals:1 | Noticed a kraken
 34870 | Shoals:1 | Noticed Kirke
 34879 | Shoals:1 | Killed Kirke
 34880 | Shoals:1 | Noticed Nikola
 34898 | Shoals:1 | Killed Nikola
 34898 | Shoals:1 | Received a gift from Trog
 35033 | Shoals:1 | Killed a kraken
 35286 | Shoals:3 | Reached skill level 20 in Fighting
 35314 | Shoals:2 | Reached XP level 18. HP: 175/210 MP: 18/18
 35673 | Shoals:2 | Noticed Polyphemus
 36086 | Shoals:1 | Noticed Frances
 36100 | Shoals:1 | Killed Frances
 36468 | Shoals:1 | You fall through a shaft!
 37265 | Spider:1 | Entered Level 1 of the Spider Nest
 37290 | Spider:1 | Received a gift from Trog
 37290 | Spider:1 | Reached skill level 21 in Fighting
 37491 | D:8      | Killed Noitatumon's ghost
 37677 | Elf:2    | Killed Feala's ghost
 37687 | Elf:2    | Killed kalagan's ghost
 37934 | Elf:3    | Noticed a deep elf blademaster
 37934 | Elf:3    | Noticed a deep elf blademaster
 37934 | Elf:3    | Identified the ring "Gykkullea" {Fire Str+6 Dex+4}
 37954 | Elf:3    | Killed a deep elf blademaster
 38236 | Elf:3    | Killed a deep elf blademaster
 38236 | Elf:3    | Reached skill level 22 in Fighting
 38787 | Elf:3    | Noticed a deep elf blademaster
 38792 | Elf:3    | Received a gift from Trog
 38796 | Elf:3    | Got a slimy triple crossbow {god gift}
 38801 | Elf:3    | Killed a deep elf blademaster
 39544 | Elf:3    | Reached skill level 23 in Fighting
 39591 | Elf:3    | Identified the +1 triple crossbow of Ijuynt {speed, rElec
                  | rF+ Dex+3} (Trog gifted it to you on level 3 of the Elven
                  | Halls)
 39592 | Elf:3    | Identified the +3 dagger "Wuneff" {flame, MR+ Int+3 Stlth+}
                  | (You found it on level 3 of the Elven Halls)
 40902 | Spider:2 | Reached XP level 19. HP: 28/231 MP: 19/19
 40933 | Spider:2 | HP: 10/231 [demonic crawler (10)]
 40934 | Spider:2 | Slain by a demonic crawler

Skill      XL: |  1  2  3  4  5  6  7  8  9 10 11 12 13 14 15 16 17 18 |
---------------+-------------------------------------------------------+-----
Maces & Flails | 3 4 5 6 7 9 10 13 17 19 21 22 | 22.0
Dodging        | 3 4 5 6 7 8 |  8.6
Armour         | 1 2 3 4 5 6 7 |  7.7
Fighting       | 5 6 7 9 11 12 16 18 20 23 | 23.3

Action                   |  1- 3 |  4- 6 |  7- 9 | 10-12 | 13-15 | 16-18 | 19-21 || total
-------------------------+-------+-------+-------+-------+-------+-------+-------++-------
Melee: Mace              |   103 |       |       |       |       |       |       ||   103
       Flail             |     5 |   193 |   384 |   354 |       |       |       ||   936
       Staff             |       |       |       |   273 |       |   107 |     7 ||   387
       Great mace        |       |       |       |    28 |  1233 |    57 |       ||  1318
       Dire flail        |       |       |       |       |       |   451 |       ||   451
       Giant spiked club |       |       |       |       |       |   876 |       ||   876
Throw: Large rock        |       |       |     1 |       |    19 |     8 |       ||    28
Invok: Berserk           |     3 |     6 |     4 |     7 |    26 |    23 |       ||    69
       Trog's Hand       |       |     2 |     6 |    16 |    23 |    26 |     1 ||    74
       Brothers in Arms  |       |       |       |       |     6 |     5 |       ||    11
Evoke: Wand              |       |       |     4 |     4 |       |    12 |       ||    20
  Use: Scroll            |     2 |     3 |    10 |    15 |    28 |    24 |       ||    82
       Potion            |       |     4 |     4 |     8 |     8 |     9 |       ||    33
 Stab: Sleeping          |     1 |     1 |       |       |       |       |       ||     2
       Distracted        |       |       |     1 |       |       |     4 |       ||     5
       Invisible         |       |       |       |     3 |       |       |       ||     3
       Held in net/web   |       |       |       |     1 |       |       |       ||     1
       Paralysed         |       |       |       |       |       |     1 |       ||     1
  Eat: Chunk             |     4 |     7 |    11 |    13 |    55 |    29 |       ||   119
       Ration            |       |     3 |     2 |     4 |     9 |    15 |     1 ||    34
Armor: Animal skin       |    32 |    74 |   203 |   319 |   232 |       |       ||   860
       Steam dragon scal |       |       |       |       |   319 |   645 |       ||   964
       Acid dragon scale |       |       |       |       |       |    95 |    11 ||   106
Dodge: Dodged            |    57 |   126 |   237 |   456 |   886 |   768 |     6 ||  2536
